 Dungeon Crawl Stone Soup version 0.31.0-9-g3a7656b989 (webtiles) character file.

Game seed: 13943113930373062601

410 qw the Shooter (level 6, 0/30 HPs)
             Began as a Spriggan Hunter on Feb 2, 2024.
             Incinerated by a bombardier beetle (3 damage)
             ... with a burning spray
             ... on level 4 of the Dungeon.
             The game lasted 00:00:09 (2886 turns).

qw the Shooter (Spriggan Hunter)                    Turns: 2886, Time: 00:00:09

Health: 0/30       AC:  2    Str:  6    XL:     6   Next: 58%
Magic:  7/7        EV: 23    Int:  9    God:
Gold:   245        SH:  0    Dex: 25    Spells: 5/5 levels left

rFire   . . .        a - +1 shortbow
rCold   + . .        (shield currently unavailable)
rNeg    + . .        c - +0 robe
rPois   .            (helmet restricted)
rElec   .            (no cloak)
rCorr   .            (gloves unavailable)
SInv    +            (boots unavailable)
Will    +....        (no amulet)
Stlth   +            j - ring of positive energy
HPRegen 0.25/turn    (no ring)
MPRegen 0.10/turn

%: no passive effects
@: on fire, glowing, very quick
A: very small, no large weapons, unfitting armour, see invisible, speed 3, agile
1, cold resistance 1
a: no special abilities


You were on level 4 of the Dungeon.
You visited 1 branch of the dungeon, and saw 4 of its levels.

You collected 245 gold pieces.


Innate Abilities, Weirdness & Mutations

You are very small and have problems with some larger weapons.
You are too small for most types of armour.
You have supernaturally acute eyesight. (SInv)
You cover ground extremely quickly. (Speed+++)
You are agile. (Dex +4, Str/Int -1)
Your flesh is cold resistant. (rC+)


   Skills:
 - Level 2.3 Fighting
 - Level 6.3 Ranged Weapons
 + Level 6.3 Dodging
 - Level 1.5 Stealth


You had 5 spell levels left.
You didn't know any spells.
Your spell library was empty.

Inventory:

Hand Weapons
 a - a +1 shortbow (weapon)
Armour
 c - a +0 robe (worn)
Jewellery
 d - a ring of magical power
 i - a ring of fire
 j - a ring of positive energy (left hand)
Wands
 k - a wand of mindburst (9)
Scrolls
 b - a scroll of teleportation {unknown}
 e - a scroll of revelation {unknown}
Potions
 f - a potion of mutation
 g - a potion of lignification {unknown}
 h - a potion of enlightenment {unknown}
 l - a potion of cancellation {unknown}

Dungeon Overview and Level Annotations

Branches:
Dungeon (4/15)
 Temple: D:4-7

Altars:
Elyvilon
Gozag
Wu Jian


Message History

You shoot an arrow. The arrow closely misses the scorpion.
You shoot an arrow. The arrow hits the scorpion.
You kill the scorpion!
Your Ranged Weapons skill increases to level 6!
You now have 245 gold pieces (gained 11).
l - a ruby potion A bombardier beetle comes into view.
You shoot an arrow.
The arrow hits the bombardier beetle but does no damage.
The bombardier beetle waves its antennae.
You shoot an arrow. The arrow hits the bombardier beetle.
The bombardier beetle is lightly wounded.
You shoot an arrow. The arrow hits the bombardier beetle.
The bombardier beetle is moderately wounded.
You shoot an arrow.
The arrow barely misses the bombardier beetle.
The bombardier beetle sprays incendiary fluid at you.
The burning spray misses you.
You shoot an arrow. The arrow hits the bombardier beetle.
The bombardier beetle is moderately wounded.
The bombardier beetle sprays incendiary fluid at you.
The burning spray hits you.
You are covered in liquid fire!
You shoot an arrow. The arrow hits the bombardier beetle!
The bombardier beetle is almost dead.
The liquid fire burns you!
You shoot an arrow. The arrow hits the bombardier beetle.
You kill the bombardier beetle!
The liquid fire burns you!
You are on fire!
The liquid fire burns you!
You are on fire!
The liquid fire burns you!
You are on fire!
The liquid fire burns you!
You are on fire!
The liquid fire burns you!
You are on fire!
The liquid fire burns you!
You die...

.#
#....####.............
.. .#
#.......#......##.....
.. .# #.......#......#
..... .. .#
####....#......# .....
.. .# #....#......#
.... .# ######......#
### ## #......#
#####......#
.......@...#
....".###### ......
..... .... .. .


There were no monsters in sight!

Vanquished Creatures
  An ogre (D:4)
  A scorpion (D:4)
  A bombardier beetle (D:4)
  Ijyb (D:3)
  Natasha (thrice) (D:2)
  2 orc wizards (D:4)
  Robin (D:2)
  2 adders (D:3)
  A dart slug (D:2)
  4 orcs (D:4)
  6 ball pythons
  4 endoplasms
  A giant cockroach (D:3)
  6 goblins
  7 hobgoblins
  8 kobolds
  A quokka (D:1)
  7 bats
  3 frilled lizards
  A rat (D:1)
61 creatures vanquished.

Notes
Turn   | Place    | Note
-------+----------+-------------------------------------------
     0 | D:1      | qw the Spriggan Hunter began the quest for the Orb.
     0 | D:1      | Reached XP level 1. HP: 10/10 MP: 2/2
     0 | D:1      | 0 ||| qw: Version: 0.3-a-155-g5e7d8dd
     0 | D:1      | 0 ||| qw: Game counter: 1994
     0 | D:1      | 0 ||| qw: Melee chars always use a shield: true
     0 | D:1      | 0 ||| qw: God list: Okawaru
     0 | D:1      | 0 ||| qw: Allow faded altars: false
     0 | D:1      | 0 ||| qw: Do Orc after clearing Dungeon:15 true
     0 | D:1      | 0 ||| qw: Do second Lair branch before Depths: true
     0 | D:1      | 0 ||| qw: Lair rune preference: random
     0 | D:1      | 0 ||| qw: Goals: Normal
     0 | D:1      | 0 ||| PLANNING D:1-11
    83 | D:1      | Reached skill level 3 in Dodging
   145 | D:1      | Reached XP level 2. HP: 13/14 MP: 3/3
   260 | D:1      | Found a faded altar of an unknown god.
   622 | D:1      | 622 ||| READING scroll labelled KEDOCA LAEWN.
   622 | D:1      | 622 ||| ENCHANTING +0 shortbow.
   623 | D:1      | 623 ||| READING scroll labelled MERYABB YLINK.
   623 | D:1      | 623 ||| IDENTIFYING blue potion
   624 | D:1      | 624 ||| DRINKING 2 brown potions.
   624 | D:1      | Gained mutation: You are agile. (Dex +4, Str/Int -1)
                  | [potion of mutation]
   624 | D:1      | Gained mutation: Your flesh is cold resistant. (rC+)
                  | [potion of mutation]
   625 | D:1      | 625 ||| DROPPING scroll of butterflies.
   626 | D:1      | 626 ||| DROPPING potion of invisibility.
   867 | D:2      | Reached XP level 3. HP: 18/18 MP: 4/4
   898 | D:2      | Noticed Robin
   903 | D:2      | Killed Robin
  1074 | D:2      | 1074 ||| DROPPING +3 sling.
  1140 | D:2      | Noticed Natasha
  1142 | D:2      | Killed Natasha
  1143 | D:2      | Reached XP level 4. HP: 22/22 MP: 5/5
  1273 | D:2      | Noticed Natasha
  1278 | D:2      | Killed Natasha
  1721 | D:2      | Noticed Natasha
  1725 | D:2      | 1725 ||| FLEEEEING.
  1726 | D:2      | 1726 ||| FLEEEEING.
  1728 | D:2      | 1728 ||| FLEEEEING.
  1733 | D:2      | Killed Natasha
  1785 | D:2      | 1785 ||| UPGRADING to ring of positive energy.
  1786 | D:2      | 1786 ||| READING scroll of identify.
  1786 | D:2      | 1786 ||| IDENTIFYING murky blue potion
  1787 | D:2      | 1787 ||| READING scroll labelled AMUAKL VARURO.
  1888 | D:2      | 1888 ||| READING scroll labelled OJEAHI CIMAOTS.
  1888 | D:2      | 1888 ||| ENCHANTING +0 shortbow.
  1889 | D:2      | 1889 ||| DROPPING potion of ambrosia.
  1946 | D:3      | Found an opulent altar of Gozag.
  1977 | D:3      | Reached XP level 5. HP: 26/26 MP: 6/6
  2077 | D:3      | Found an ornate altar of the Wu Jian Council.
  2302 | D:3      | Noticed Ijyb
  2314 | D:3      | Killed Ijyb
  2315 | D:3      | Reached skill level 6 in Dodging
  2513 | D:3      | 2513 ||| READING scroll labelled UDWASO AKHOS.
  2514 | D:3      | 2514 ||| READING scroll labelled VIMENI BUMICW.
  2515 | D:3      | 2515 ||| DRINKING 2 emerald potions.
  2649 | D:4      | 2649 ||| DRINKING potion of curing.
  2649 | D:4      | 2649 ||| (to cure confusion)
  2671 | D:4      | Noticed an ogre
  2672 | D:4      | 2672 ||| FLEEEEING.
  2702 | D:4      | 2702 ||| ZAPPING wand of mindburst (14) at -7,2 (ogre;
                  | floor).
  2703 | D:4      | 2703 ||| ZAPPING wand of mindburst (13) at -6,1 (ogre;
                  | floor).
  2704 | D:4      | 2704 ||| ZAPPING wand of mindburst (12) at -5,1 (ogre;
                  | floor).
  2705 | D:4      | 2705 ||| ZAPPING wand of mindburst (11) at -4,1 (ogre;
                  | floor).
  2706 | D:4      | 2706 ||| ZAPPING wand of mindburst (10) at -3,1 (ogre;
                  | floor).
  2706 | D:4      | Killed an ogre
  2707 | D:4      | Reached XP level 6. HP: 30/30 MP: 7/7
  2752 | D:4      | Found a white marble altar of Elyvilon.
  2857 | D:4      | Reached skill level 6 in Ranged Weapons
  2884 | D:4      | HP: 5/30 [burnt (4)]
  2886 | D:4      | Incinerated by a bombardier beetle

Levels and vault maps discovered:
D:1:      giann_horns, layout_basic, chequers_ecumenical_altar_simple
D:2:      layout_basic, uniq_robin, uniq_natasha
D:3:      layout_basic, grunt_gozag_breadcrumbs, overflow_temple_1_default,
          wander_ebering_terrifying_dragon_lair, uniq_ijyb
D:4:      layout_basic, general_overflow_altar, uniq_duvessa

Skill      XL: |  1  2  3  4  5  6 |
---------------+-------------------+-----
Dodging        | 3 4 5 6 |  6.3
Ranged Weapons | 5 6 |  6.3
Fighting       | 2 |  2.3
Stealth        | |  1.5

Action                     |  1- 3 |  4- 6 || total
---------------------------+-------+-------++-------
   Fire: Shortbow          |    85 |    83 ||   168
  Evoke: Wand              |       |     5 ||     5
    Use: Scroll            |     2 |     5 ||     7
         Potion            |     1 |     2 ||     3
 Armour: Robe              |     5 |    12 ||    17
  Dodge: Dodged            |    24 |    20 ||    44

Table legend:
 A = Non-vault XP
 B = Vault XP
 C = Vault XP percentage of total XP
 D = Non-vault monster count
 E = Vault monster count
 F = Vault count percentage of total count
                 A         B        C        D         E       F
            +---------+---------+-------+---------+---------+-------
      Total |     489 |      98 |  16.7 |      52 |       9 |  14.8
            +---------+---------+-------+---------+---------+-------
        D:1 |      28 |       0 |   0.0 |      17 |       0 |   0.0
        D:2 |      92 |      59 |  39.1 |      14 |       7 |  33.3
        D:3 |      43 |      39 |  47.6 |      11 |       2 |  15.4
        D:4 |     326 |       0 |   0.0 |      10 |       0 |   0.0
            +---------+---------+-------+---------+---------+-------
